AoeStats
← Kiritastrich

Fortress

508470134Analyzed
4v4 RM · 10d ago on Sep 22, 2026· 41m 52s· 8 players
Game mode
Random Map
Map size
Huge
Population
200
Speed
Normal
Resources
Standard
Victory
Conquest
Starting age
Dark Age
Ending age
Imperial Age
RankedLock teamsTeams togetherTeam positionsShared explorationLock speedFull tech treeHidden civsTurbo modeCheats
Victory
Defeat
🇷🇺 Aztecs · Russia
1768
+12
🇷🇺 Saxons · Russia
1751
+12
🇷🇺 Wu · Russia
1654
+16
🇷🇺 Varangians · Russia
1600
+18
🇰🇿 Portuguese · Kazakhstan
1730
-17
🇷🇺 Varangians · Russia
1704
-16
🇷🇺 Danes · Russia
1642
-14
🇷🇺 Saxons · Russia
1581
-11
SiraZaika
7:26 Feudal Age
9:17 Double-Bit Axe
11:41 Castle Age
10:26 Horse Collar
11:10 Scale Barding Armor
11:37 Bloodlines
19:44 Chain Barding Armor
25:40 Husbandry
28:22 Imperial Age
27:18 Bow Saw
27:53 Wheelbarrow
27:30 Devotion
28:19 Forging
29:42 Plate Barding Armor
29:32 Conscription
33:38 Iron Casting
34:19 Gold Mining
34:19 Stone Mining
35:49 Fletching
37:08 Blast Furnace
37:23 Hand Cart
36:54 Loom
37:50 Cavalier
38:14 Vendel Legacy
40:50 Caravan
ponuno
7:08 Feudal Age
11:05 Castle Age
9:20 Double-Bit Axe
9:40 Fletching
10:02 Horse Collar
11:46 Bodkin Arrow
12:02 Bow Saw
15:15 Loom
20:01 Ballistics
23:15 Wheelbarrow
26:49 Imperial Age
25:45 Heavy Plow
26:01 Hand Cart
26:20 Red Cliffs Tactics
26:43 Town Watch
27:38 Bracer
28:40 Chemistry
28:09 Gold Mining
28:11 Stone Mining
28:19 Stone Mining
29:31 Conscription
31:19 Elite Fire Archer
32:17 Town Patrol
32:31 Sitting Tiger
39:48 Padded Archer Armor
40:08 Town Patrol
[RUS-F] Dourdom
8:18 Feudal Age
12:25 Castle Age
10:30 Double-Bit Axe
10:56 Double-Bit Axe
11:22 Gold Mining
15:58 Imperial Age
15:21 Sanctity
17:29 Redemption
17:39 Block Printing
20:09 Fervor
21:29 Illumination
24:09 Herbal Medicine
24:20 Loom
26:33 Theocracy
30:45 Atonement
36:56 Caravan
41:59 Wheelbarrow
41:46 Forging
41:37 Scale Mail Armor
Sueta
7:04 Feudal Age
8:09 Double-Bit Axe
10:50 Castle Age
8:47 Horse Collar
11:43 Bow Saw
13:44 Wheelbarrow
18:05 Fletching
19:44 Gold Mining
19:57 Bodkin Arrow
25:28 Imperial Age
23:15 Scale Mail Armor
24:18 Gold Shaft Mining
24:18 Hand Cart
23:49 Loom
24:51 Heavy Plow
25:13 Chain Mail Armor
26:09 Forging
27:06 Conscription
27:17 Plate Mail Armor
28:03 Ballistics
28:21 Iron Casting
27:49 Bracer
29:21 Chemistry
28:23 Elite Hearth Troop
29:40 Iron Casting
29:38 Stone Mining
29:57 Squires
29:45 Arson
29:46 Shield Wall
32:02 Two-Man Saw
31:14 Padded Archer Armor
32:02 Elite Varangian Guard
33:30 Capped Ram
34:44 Town Watch
34:40 Clerical Recruitment
36:40 Gambesons
37:55 Hoardings
36:47 Onager
36:51 Siege Ram
37:59 Block Printing
37:55 Redemption
38:05 Sanctity
41:31 Siege Engineers
41:36 Masonry
SHell | FayLayt
6:21 Feudal Age
10:29 Castle Age
8:55 Double-Bit Axe
9:27 Horse Collar
10:48 Wheelbarrow
11:25 Bow Saw
11:53 Heavy Plow
17:55 Scale Mail Armor
18:52 Squires
24:30 Hand Cart
24:01 Loom
28:00 Imperial Age
26:27 Gold Mining
27:09 Chain Mail Armor
27:06 Forging
28:19 Onager
29:09 Siege Engineers
29:57 Siege Onager
31:37 Northmen's Fury
33:48 Chemistry
34:29 Plate Mail Armor
33:46 Elite Jomsviking
37:40 Iron Casting
SHell | forvin
8:59 Feudal Age
9:49 Double-Bit Axe
9:48 Horse Collar
12:46 Castle Age
11:45 Wheelbarrow
13:49 Bow Saw
14:48 Heavy Plow
15:58 Hand Cart
20:15 Loom
20:18 Town Watch
21:02 Gold Mining
21:42 Scale Barding Armor
21:41 Husbandry
21:45 Light Cavalry
22:35 Bloodlines
22:38 Forging
24:04 Iron Casting
28:57 Chain Barding Armor
32:18 Imperial Age
30:48 Vendel Legacy
32:23 Cavalier
34:04 Blast Furnace
35:08 Conscription
36:07 Hussar
37:03 Devotion
38:05 Plate Barding Armor
40:55 Faith
41:28 Fletching
SHell | Denchik_Ne_Lohx
7:00 Feudal Age
10:47 Castle Age
8:50 Horse Collar
11:17 Double-Bit Axe
12:43 Wheelbarrow
12:45 Gold Mining
15:43 Loom
15:54 Town Watch
20:16 Imperial Age
18:24 Fletching
18:27 Crossbowman
19:26 Bodkin Arrow
20:36 Ballistics
21:06 Bracer
22:11 Fortified Wall
27:42 Chemistry
Kiritastrich
9:03 Feudal Age
13:18 Castle Age
11:12 Double-Bit Axe
16:54 Imperial Age
14:59 Fletching
14:37 Elite Skirmisher
16:15 Bodkin Arrow
18:51 Loom
26:09 Illumination
34:02 Scale Mail Armor
Connection lost

Rejoining the realm…

Still unreachable

The connection could not be restored.

Session expired

The server has moved on; the page needs a fresh start.